 Dungeon Crawl Stone Soup version 0.28-a0-1518-gbe868bca14 (webtiles) character file.

Game seed: 12365384297118591049

29 knot the Skirmisher (level 3, 26/29 HPs)
             Began as a Demonspawn Berserker on Jan 17, 2022.
             Was a Follower of Trog.
             Quit the game on level 1 of the Dungeon.
             The game lasted 00:01:25 (1071 turns).

knot the Skirmisher (Demonspawn Berserker)          Turns: 1071, Time: 00:01:26

Health: 26/29      AC:  5    Str: 17    XL:     3   Next: 1%
Magic:  3/3        EV: 11    Int: 10    God:    Trog [*.....]
Gold:   39         SH:  0    Dex: 14    Spells: 2/2 levels left

rFire   . . .      SeeInvis .   a - +0 hand axe
rCold   . . .      Faith    .   (no shield)
rNeg    . . .      Spirit   .   e - +0 ring mail
rPois   .          Reflect  .   (no helmet)
rElec   .          Harm     .   (no cloak)
rCorr   .          Rampage  .   (no gloves)
Will    .....                   (no boots)
Stlth   ++........              (no amulet)
HPRegen 0.09/turn               (no ring)
MPRegen 0.08/turn               (no ring)

@: no status effects
A: thin skeletal structure 1, demonic touch 1
a: Renounce Religion, Berserk


You were on level 1 of the Dungeon.
You worshipped Trog.
Trog was aware of your devotion.
You visited 1 branch of the dungeon, and saw 1 of its levels.

You collected 39 gold pieces.

Inventory:

Hand Weapons
 a - a +0 hand axe (weapon)
Missiles
 c - 6 stones (quivered)
Armour
 e - a +0 ring mail (worn)
Scrolls
 g - a scroll of magic mapping {unknown}
Potions
 b - a potion of heal wounds {unknown}
 d - a potion of lignification {unknown}
 f - a potion of mutation {unknown}
 h - a potion of curing {unknown}
 i - a potion of brilliance {unknown}


   Skills:
 + Level 3.3 Fighting
 + Level 3.0 Axes
 + Level 2.2 Armour
 + Level 2.1 Dodging


You had 2 spell levels left.
You didn't know any spells.
Your spell library was empty.

Dungeon Overview and Level Annotations

Branches:
Dungeon (1/15)

Altars:


Innate Abilities, Weirdness & Mutations

You have a somewhat thin skeletal structure. (Dex +2, Stealth+)
Your touch may inflict minor irresistible damage on your foes.


Message History

No target in view!
Found a scale mail.
No target in view!
No target in view!
No target in view!
No target in view!
g - a scroll labelled HYELODDATZUA Key pressed, stopping explore.
No target in view!
h - a lumpy coppery potion No target in view!
No target in view!
No target in view!
No target in view!
Found a stone staircase leading down.
Key pressed, stopping explore.
No target in view!
No target in view!
No target in view!
No target in view!
i - an orange potion No target in view!
There is a stone staircase leading down here.
A ball python comes into view.
You barely miss the ball python.
The ball python bites you but does no damage.
The ball python barely misses you. The ball python bites you.
The ball python grabs you. The ball python constricts you.
You barely miss the ball python.
You touch the ball python.
The ball python is severely wounded.
The ball python barely misses you. The ball python constricts you.
You slash the ball python!
You kill the ball python!
Trog accepts your kill.
You have reached level 3!
Your experience leads to an increase in your attributes!
Increase (S)trength, (I)ntelligence, or (D)exterity?
You feel clever. x2; Your demonic ancestry asserts itself...
Your bones become slightly less dense.
Are you sure you want to abandon this character and quit the game? (Confirm with "yes".)

.# ###.# ##...##
#.....# #.....# #.....#
#...# #@# #. #.# #.#
#.# #.# #.# #
########.# #.# #.# #
.........# #.# #.# #
########.##### #.# #.#
#
#....>.....####.###.###
#.####.###.............
#.# #.# #####.###.###


There were no monsters in sight!

Vanquished Creatures
  2 bats (D:1)
  3 endoplasms (D:1)
  A giant cockroach (D:1)
  A goblin (D:1)
  3 hobgoblins (D:1)
  4 jackals (D:1)
  4 kobolds (D:1)
  A quokka (D:1)
  2 ball pythons (D:1)
  2 frilled lizards (D:1)
  3 rats (D:1)
26 creatures vanquished.

Notes
Turn   | Place    | Note
-------+----------+-------------------------------------------
     0 | D:1      | knot the Demonspawn Berserker began the quest for the Orb.
     0 | D:1      | Reached XP level 1. HP: 18/18 MP: 1/1
   368 | D:1      | Gained mutation: Your touch may inflict minor irresistible
                  | damage on your foes. [demonic ancestry]
   368 | D:1      | Reached XP level 2. HP: 17/24 MP: 2/2
  1071 | D:1      | Gained mutation: You have a somewhat thin skeletal
                  | structure. (Dex +2, Stealth+) [demonic ancestry]
  1071 | D:1      | Reached XP level 3. HP: 26/29 MP: 3/3
  1071 | D:1      | Quit the game

Illustrated notes

Levels and vault maps discovered:
D:1:      amcnicky_arrival_choice, layout_loops_ring, st_stairs_10, fountainhead

Skill      XL: |  1  2 |
---------------+-------+-----
Armour         | 2 |  2.2
Dodging        | 2 |  2.1
Axes           | 3 |  3.0
Fighting       | |  3.3

Action                   || total
-------------------------++-------
Melee: Hand axe          ||    48
       Touch             ||     4
Invok: Berserk           ||     1
Armor: Animal skin       ||     3
       Ring mail         ||     4
Dodge: Dodged            ||    23

Table legend: (Time is in decaauts)
 A = Elapsed time spent in this place.
 B = Non-inter-level travel time spent in this place.
 C = Inter-level travel time spent in this place.
 D = Time resting spent in this place.
 E = Time spent auto-exploring this place.
 F = Levels seen in this place.
 G = Mean time per level.
                   A        B        C        D        E       F      G
               +--------+--------+--------+--------+--------+-----+--------+
         Total |   1087 |   1087 |      0 |    533 |    430 |   1 | 1087.0 |
       Dungeon |   1087 |   1087 |      0 |    533 |    430 |   1 | 1087.0 |
               +--------+--------+--------+--------+--------+-----+--------+

Top non-repeatable levels by time:
     D:1: 1087 daAuts
